 Dungeon Crawl Stone Soup version 0.31-a0-161-gb58dd9be76 (webtiles) character file.

Game seed: 6914617574754707062

80 qw the Chopper (level 4, -9/28 HPs)
             Began as a Gargoyle Fighter on June 12, 2023.
             Killed by divine providence
             ... invoked by an orc priest
              (16 damage)
             ... on level 2 of the Dungeon.
             The game lasted 00:00:32 (973 turns).

qw the Chopper (Gargoyle Fighter)                    Turns: 973, Time: 00:00:33

Health: -9/28      AC: 12    Str: 21    XL:     4   Next: 39%
Magic:  4/4        EV:  7    Int:  9    God:
Gold:   70         SH:  4    Dex:  9    Spells: 3/3 levels left

rFire   . . .        Y - +0 war axe (freeze)
rCold   . . .        c - +0 buckler
rNeg    + . .        e - +0 chain mail
rPois   inf          (no helmet)
rElec   +            (no cloak)
rCorr   .            (no gloves)
SInv    .            (no boots)
Will    .....        (no amulet) Stlth
                     (no ring)
HPRegen 0.24/turn    (no ring)
MPRegen 0.09/turn

%: no passive effects
@: no status effects
A: sickness immunity, AC +3, negative energy resistance 1, electricity
resistance, torment resistance 1, petrification resistance
a: no special abilities


You were on level 2 of the Dungeon.
You visited 1 branch of the dungeon, and saw 2 of its levels.

You collected 70 gold pieces.


Innate Abilities, Weirdness & Mutations

You are immune to sickness and miasma.
Your stone body is resilient. (AC +3)
You are immune to poison.
You resist negative energy. (rN+)
You are resistant to electric shocks. (rElec)
You are resistant to unholy torment.
You are immune to petrification.


   Skills:
 - Level 3.2 Fighting
 + Level 4.1 Axes
 - Level 3.2 Armour
 - Level 3.2 Shields


You had 3 spell levels left.
You didn't know any spells.
Your spell library was empty.

Inventory:

Hand Weapons
 k - a +0 whip
 Y - a +0 war axe of freezing (weapon)
Armour
 a - a +0 plate armour
 c - a +0 buckler (worn)
 e - a +0 chain mail (worn)
 m - a +0 cloak
Scrolls
 g - a scroll of identify {unknown}
 i - a scroll of poison {unknown}
 j - a scroll of summoning {unknown}
 l - a scroll of teleportation {unknown}
Potions
 b - 2 potions of heal wounds {unknown}
 d - a potion of might
 f - a potion of cancellation {unknown}
 h - a potion of attraction {unknown}

Dungeon Overview and Level Annotations

Branches:
Dungeon (2/15)

Altars:
Xom

Shops:
D:1 !


Message History

You block the bat's attack. You block the bat's attack.
The bat barely misses you.
You slash the bat! You freeze the bat.
You kill the bat!
An orc comes into view. It is wielding a +0 war axe.
The orc shouts!
You hear a shout! x3
An orc comes into view.
It is wielding a +0 dagger and wearing a +2 leather armour of cold resistance.
An orc priest comes into view. It is wielding a +0 short sword.
An orc comes into view. It is wielding a +0 whip.
You see here a bat corpse.
Enter note:
Enter note:
Enter note:
Enter note:
Enter note:
Enter note:
962 ||| Stepping ~*~*~tactically~*~*~ (hiding).
964 ||| Stepping ~*~*~tactically~*~*~ (hiding).
You closely miss the orc. The orc hits you but does no damage.
You block the orc's attack.
You hit the orc but do no damage. The orc hits you but does no damage.
You hit the orc but do no damage. The orc hits you with a +0 war axe.
You hit the orc but do no damage. The orc hits you but does no damage.
The orc hits you with a +0 war axe.
You closely miss the orc. The orc hits you with a +0 war axe.
You hit the orc but do no damage. The orc barely misses you.
The orc priest invokes the aid of Beogh against you.
Beogh smites you!
You barely miss the orc. The orc hits you with a +0 war axe.
The orc closely misses you.
You barely miss the orc. The orc closely misses you.
The orc priest calls down the wrath of Beogh upon you.
Beogh smites you!
Ouch! That really hurt!
You die...

# ..o ..o ... #
#o# ##.###.. #o#
### ........ #.#
#.# ###....
#.###o#######.#
####.##
#....oo@....#.####
#..<.#
####..#####......#
..#### #.##
###.#.## ..# #<
#.....# >.# #. #.#
#...### ..#####
.##.# ####.#.#
........ ...#
.....#.# ..#####.
..# .###.#.# #.##.
#.##.# ..#.#


You could see an orc priest and 2 orcs.

Vanquished Creatures
  Jessica (D:2)
  3 adders (D:2)
  A dart slug (D:1)
  An orc (D:2)
  A ball python (D:1)
  An endoplasm (D:1)
  2 giant cockroaches (D:1)
  2 goblins
  3 hobgoblins
  3 kobolds (D:2)
  A quokka (D:2)
  3 bats (D:2)
  2 frilled lizards
  2 rats (D:2)
26 creatures vanquished.

Notes
Turn   | Place    | Note
-------+----------+-------------------------------------------
     0 | D:1      | qw the Gargoyle Fighter began the quest for the Orb.
     0 | D:1      | Reached XP level 1. HP: 14/14 MP: 1/1
     0 | D:1      | 0 ||| qw: Version: 0.2-a-29-gc1b59c4
     0 | D:1      | 0 ||| qw: Game counter: 4291
     0 | D:1      | 0 ||| qw: Always use a shield: true
     0 | D:1      | 0 ||| qw: God list: Okawaru
     0 | D:1      | 0 ||| qw: Allow faded altars: false
     0 | D:1      | 0 ||| qw: Do Orc after D:15 true
     0 | D:1      | 0 ||| qw: Do second Lair branch before Depths: true
     0 | D:1      | 0 ||| qw: Lair rune preference: random
     0 | D:1      | 0 ||| qw: Plans: Normal, Zot:1-4, Slime:5, God:TSO, Crypt,
                  | Tomb, Abyss, Pan, Hells, Win
     0 | D:1      | 0 ||| PLANNING D:1-11
    36 | D:1      | Reached skill level 2 in Axes
    36 | D:1      | Found Haboibiu's Distillery.
    61 | D:1      | 61 ||| SHOPLISTING potion of haste (120 gold, have 0).
    61 | D:1      | 61 ||| SHOPLISTING potion of heal wounds (60 gold, have 0).
    61 | D:1      | 61 ||| SHOPLISTING potion of magic (96 gold, have 0).
   103 | D:1      | Reached XP level 2. HP: 19/19 MP: 2/2
   132 | D:1      | Found a faded altar of an unknown god.
   601 | D:1      | 601 ||| UPGRADING to +0 chain mail.
   611 | D:1      | 611 ||| DROPPING +0 scale mail.
   612 | D:1      | 612 ||| READING scroll labelled BYBLOL IRIES.
   613 | D:1      | 613 ||| DRINKING 2 amethyst potions.
   614 | D:1      | 614 ||| DROPPING potion of brilliance.
   630 | D:2      | Noticed Jessica
   639 | D:2      | Killed Jessica
   640 | D:2      | Reached skill level 3 in Axes
   640 | D:2      | Reached XP level 3. HP: 23/23 MP: 3/3
   783 | D:2      | 783 ||| Stepping ~*~*~tactically~*~*~ (stealth).
   810 | D:2      | Reached XP level 4. HP: 28/28 MP: 4/4
   873 | D:2      | 873 ||| Stepping ~*~*~tactically~*~*~ (stealth).
   887 | D:2      | Reached skill level 4 in Axes
   894 | D:2      | 894 ||| Stepping ~*~*~tactically~*~*~ (stealth).
   902 | D:2      | Found a shimmering altar of Xom.
   907 | D:2      | 907 ||| Stepping ~*~*~tactically~*~*~ (hiding).
   928 | D:2      | 928 ||| DROPPING +0 club.
   962 | D:2      | 962 ||| Stepping ~*~*~tactically~*~*~ (hiding).
   964 | D:2      | 964 ||| Stepping ~*~*~tactically~*~*~ (hiding).
   971 | D:2      | HP: 7/28 [orc priest/divine providence (13)]
   973 | D:2      | Killed from afar by an orc priest

Levels and vault maps discovered:
D:1:      lemuel_arrival_funnel, layout_basic,
          hellmonk_ecumenical_altar_defaced_shrine, serial_shops, shop
D:2:      layout_rooms, basic_altar, uniq_jessica

Skill      XL: |  1  2  3  4 |
---------------+-------------+-----
Axes           | 2 3 4 |  4.1
Fighting       | |  3.2
Armour         | |  3.2
Shields        | |  3.2

Action                     |  1- 3 |  4- 6 || total
---------------------------+-------+-------++-------
  Melee: War axe           |    57 |    28 ||    85
    Use: Scroll            |     1 |       ||     1
         Potion            |     1 |       ||     1
 Armour: Scale mail        |     7 |       ||     7
         Chain mail        |    27 |    14 ||    41
  Dodge: Dodged            |    20 |     8 ||    28
  Block: Buckler           |     8 |     8 ||    16

Table legend:
 A = Non-vault XP
 B = Vault XP
 C = Vault XP percentage of total XP
 D = Non-vault monster count
 E = Vault monster count
 F = Vault count percentage of total count
                 A         B        C        D         E       F
            +---------+---------+-------+---------+---------+-------
      Total |      78 |      37 |  32.2 |      25 |       1 |   3.8
            +---------+---------+-------+---------+---------+-------
        D:1 |      19 |       0 |   0.0 |       9 |       0 |   0.0
        D:2 |      59 |      37 |  38.5 |      16 |       1 |   5.9
            +---------+---------+-------+---------+---------+-------
